 Dungeon Crawl Stone Soup version 0.27-a0-1065-ge809cff456 (webtiles) character file.

Game seed: 14126334308961952564

198 vhaine the Magician (level 5, -10/35 HPs)
             Began as a Djinni Fire Elementalist on Apr 22, 2021.
             Mangled by an ogre
             ... wielding a +0 giant club
              (16 damage)
             ... on level 4 of the Dungeon.
             The game lasted 00:15:36 (4057 turns).

vhaine the Magician (Djinni Fire Elementalist)      Turns: 4057, Time: 00:15:37

Health: -10/35     AC:  4    Str:  7    XL:     5   Next: 76%
Gold:   132        EV: 12    Int: 23    God:
                   SH:  0    Dex: 14

rFire    + + .     SeeInvis .   (no weapon)
rCold    x . .     Faith    .   (no shield)
rNeg     . . .     Spirit   .   a - +0 robe
rPois    ∞         Reflect  .   (no helmet)
rElec    .         Harm     .   d - +1 cloak {rPois}
rCorr    .         Rampage  .   (no gloves)
Will     .....                  (boots unavailable)
Stlth    ++........             (no amulet)
HPRegen  0.11/turn              h - +6 ring of intelligence
MPRegen  0.00/turn              (no ring)

@: weak-willed, flying
A: fire resistance 2, cold vulnerability 1, float, innate caster, hp casting,
extra vitality 1
a: no special abilities


You were on level 4 of the Dungeon.
You visited 1 branch of the dungeon, and saw 4 of its levels.

You collected 132 gold pieces.

Inventory:

Armour
 a - a +0 robe (worn)
 d - a +1 cloak of poison resistance (worn)
Jewellery
 h - a +6 ring of intelligence (left hand)
Wands
 k - a wand of acid (8)
Scrolls
 g - a scroll of fear {unknown}
 j - a scroll of identify {unknown}
Potions
 e - 2 potions of berserk rage {unknown}
 i - a potion of attraction {unknown}
 l - a potion of degeneration {unknown}
 m - a potion of heal wounds {unknown}


   Skills:
 - Level 2.1 Dodging
 - Level 1.5 Stealth
 + Level 5.3 Spellcasting


You couldn't memorise any spells.
You knew the following spells:

 Your Spells              Type           Power      Damage    Failure   Level
a - Foxfire               Conj/Fire      100%       2x1d9     1%          1
b - Freeze                Ice            100%       1d11      1%          1
c - Conjure Flame         Conj/Fire      30%        6-21      3%          3
d - Sticky Flame          Conj/Fire      30%        2d5       10%         4
e - Fireball              Conj/Fire      15%        3d8       28%         5
f - Inner Flame           Hex/Fire       30%        N/A       3%          3
g - Call Imp              Summ           30%        N/A       1%          2
Your spell library was empty.

Dungeon Overview and Level Annotations

Branches:
Dungeon (4/15)
 Temple: D:4-7

Altars:
Cheibriados
Yredelemnul
Zin


Innate Abilities, Weirdness & Mutations

You are immune to poison.
Your flesh is very heat resistant. (rF++)
You are vulnerable to cold. (rC-)
You float through the air rather than walking.
You learn spells naturally, not from books.
Your magical power is your life essence.
You have superior vitality. (+4 HP)


Message History

Okay, then.
Okay, then.
Casting: Conjure Flame (dangerous; 3% risk of failure)
Confirm with . or Enter, or press ? or * to list all spells.
Aiming: Freeze (safe; 1% risk of failure)
Press: ? - help, Shift-Dir - straight line, f - ogre
Aim: an ogre, wielding a +0 giant club You freeze the ogre.
The ogre is lightly wounded.
The ogre barely misses you.
Casting: Freeze (safe; 1% risk of failure)
Confirm with . or Enter, or press ? or * to list all spells.
Aiming: Freeze (safe; 1% risk of failure)
Press: ? - help, Shift-Dir - straight line, f/p - ogre
Aim: an ogre, wielding a +0 giant club (lightly wounded)
You freeze the ogre!
The ogre is moderately wounded.
The ogre hits you with a +0 giant club!!
Ouch! That really hurt!
* * * LOW HITPOINT WARNING * * *
As you read the scroll labelled BUDOEN AF VAW, it crumbles to dust.
You feel strangely unstable.
It was a scroll of teleportation.
The ogre barely misses you.
Okay, then.
Okay, then.
Blink to where?
Press: ? - help, Dir - move target, p - ogre
As you read the scroll labelled FOOPTEGIXO, it crumbles to dust.
It was a scroll of blinking.
Your surroundings suddenly seem different.
You start resting.
An ogre is nearby!
Casting: Freeze (safe; 1% risk of failure)
Confirm with . or Enter, or press ? or * to list all spells.
The fire begins to smolder!
* * * LOW HITPOINT WARNING * * *
As you read the scroll labelled XULUWNESIDA, it crumbles to dust.
Magic quickly surges around you.
It was a scroll of vulnerability.
The ogre hits you with a +0 giant club!
You die...

### #.. #.# #.# #.#
### #B# .#
####.####.#####...#
#..........O@....#
#.##.####.##.##..#
##.#...###.##...
...
#....#.......###..
# #..#...###.....
... #..##.######.##
.# #..##...# #.# #
#.......# #.#
#.####..# O#


You could see an ogre (weak-willed).

Vanquished Creatures
  A scorpion (D:4)
  4 adders
  3 gnolls (D:2)
  A shadow imp (D:3)
  A dart slug (D:1)
  3 endoplasms
  3 giant cockroaches
  4 goblins
  4 hobgoblins
  9 jackals
  2 quokkas
  5 ball pythons
  9 bats
  3 frilled lizards
  5 kobolds
  7 rats
64 creatures vanquished.

Vanquished Creatures (others)
  156 foxfires
156 creatures vanquished.

Grand Total: 220 creatures vanquished

Notes
Turn   | Place    | Note
-------+----------+-------------------------------------------
     0 | D:1      | vhaine the Djinni Fire Elementalist began the quest for the
                  | Orb.
     0 | D:1      | Reached XP level 1. HP: 15/15 MP: 0/0
   143 | D:1      | Reached skill level 3 in Spellcasting
   442 | D:1      | Reached XP level 2. HP: 21/21 MP: 0/0
   946 | D:1      | Reached XP level 3. HP: 23/25 MP: 0/0
   946 | D:1      | Learned a level 1 spell: Freeze
  1324 | D:1      | Found a faded altar of an unknown god.
  1340 | D:1      | Found a faded altar of an unknown god.
  1754 | D:2      | Reached skill level 4 in Spellcasting
  1756 | D:2      | Reached XP level 4. HP: 15/31 MP: 0/0
  3015 | D:3      | Found a glowing silver altar of Zin.
  3016 | D:3      | Reached XP level 5. HP: 32/35 MP: 0/0
  3016 | D:3      | Learned a level 2 spell: Call Imp
  3408 | D:3      | Found a basalt altar of Yredelemnul.
  3783 | D:4      | Reached skill level 5 in Spellcasting
  3965 | D:4      | Noticed an ogre
  3994 | D:4      | Found a snail-covered altar of Cheibriados.
  4057 | D:4      | Mangled by an ogre

Illustrated notes

Levels and vault maps discovered:
D:1:      saegor_arrival_simple_c, layout_basic,
          hellmonk_ecumenical_altar_the_god_not_taken
D:2:      layout_loops_ring
D:3:      layout_basic, zin_academy, lemuel_doored_altar
D:4:      layout_loops_ring, lemuel_coloured_pillars_altar

Skill      XL: |  1  2  3  4  5 |
---------------+----------------+-----
Spellcasting   | 3 4 5 |  5.3
Dodging        | |  2.1
Stealth        | |  1.5

Action                   |  1- 3 |  4- 6 || total
-------------------------+-------+-------++-------
Melee: Unarmed           |     1 |     1 ||     2
 Cast: Foxfire           |    59 |    45 ||   104
       Freeze            |       |     4 ||     4
       Conjure Flame     |       |     2 ||     2
  Use: Scroll            |       |     3 ||     3
Armor: Robe              |    17 |     3 ||    20
Dodge: Dodged            |    34 |     4 ||    38

Table legend: (Time is in decaauts)
 A = Elapsed time spent in this place.
 B = Non-inter-level travel time spent in this place.
 C = Inter-level travel time spent in this place.
 D = Time resting spent in this place.
 E = Time spent auto-exploring this place.
 F = Levels seen in this place.
 G = Mean time per level.
                   A        B        C        D        E       F      G
               +--------+--------+--------+--------+--------+-----+--------+
         Total |   4055 |   3888 |    167 |   1095 |   2326 |   4 | 1013.8 |
       Dungeon |   4055 |   3888 |    167 |   1095 |   2326 |   4 | 1013.8 |
               +--------+--------+--------+--------+--------+-----+--------+

Top non-repeatable levels by time:
     D:1: 1664 daAuts
     D:2: 1043 daAuts
     D:3: 1020 daAuts
     D:4: 327 daAuts
